 Dungeon Crawl Stone Soup version 0.23-a0-512-g50a8178 (webtiles) character file.

734164 riellis the Conqueror (level 27, -2/245 HPs)
             Began as a Minotaur Berserker on Dec 4, 2018.
             Was a High Priest of Trog.
             Killed from afar by an ancient lich (76 damage)
             ... with a crystal spear
             ... on level 5 of the Realm of Zot on Dec 5, 2018.
             The game lasted 04:17:17 (67561 turns).

riellis the Conqueror (Minotaur Berserker)         Turns: 67561, Time: 04:17:18

Health: -2/245     AC: 36    Str: 28    XL:     27
Magic:  8/8        EV: 25    Int:  4    God:    Trog [*****.]
Gold:   4590       SH: 38    Dex: 28    Spells: 26/26 levels left

rFire    + . .     SeeInvis +   a - +9 broad axe (antimagic)
rCold    + + +     Gourm    .   E - +10 large shield of Ignorance {rN+ Int-4}
rNeg     + + .     Faith    .   u - +3 gold dragon scales
rPois    +         Spirit   .   Y - +0 mask of the Dragon {MR+ Slay+3 SInv}
rElec    .         Reflect  .   r - +2 cloak {+Inv}
rCorr    .         Harm     .   z - +1 pair of gloves {archery}
MR       +++++     Rnd*Rage +   s - +1 pair of boots of Xothaedd {-Cast MR+ Regen+ Slay+3} Stlth ..........NoCast +
                                B - amulet of Ajeoj {Regen+ Dex+4}
HPRegen  2.30/turn              k - ring of Teabb {+Blink rC+ Str+4 Dex+4}
MPRegen  0.11/turn              f - ring "Esiymozupp" {rC+ rN+ MR+ Int+3}

@: marked, corroded, regenerating, constricted
A: retaliatory headbutt, horns 2, camouflage 2, berserk 1, blurry vision 1,
frail 1, low mp 1, subdued magic 1
}: 3/15 runes: decaying, serpentine, silver
a: Berserk, Trog's Hand, Brothers in Arms, Renounce Religion, Evoke Blink, Evoke
Invisibility


You were on level 5 of the Realm of Zot.
You worshipped Trog.
Trog was extremely pleased with you.
You were near starving.

You visited 9 branches of the dungeon, and saw 49 of its levels.
You also visited: Sewer, Volcano, Wizlab and Desolation.

You collected 6887 gold pieces.
You spent 2297 gold pieces at shops.

Inventory:

Hand Weapons
 a - a +9 antimagic broad axe (weapon)
 b - a +3 broad axe of flaming
 F - a +2 vampiric demon whip
 R - a +4 eveningstar of holy wrath
Missiles
 I - 3 throwing nets (quivered)
Armour
 r - a +2 cloak of invisibility (worn)
 s - the +1 pair of boots of Xothaedd (worn) {-Cast MR+ Regen+ Slay+3}
   (You found it on level 5 of the Realm of Zot)

   It affects your accuracy and damage with ranged weapons and melee attacks
   (+3).
   It affects your resistance to hostile enchantments.
   It prevents spellcasting.
   It increases your rate of regeneration.
 t - +0 shadow dragon scales
 u - +3 gold dragon scales (worn)
 w - a +2 pair of boots of running
 z - a +1 pair of gloves of archery (worn)
 E - the +10 large shield of Ignorance (worn) {rN+ Int-4}
   (You found it on level 6 of the Dungeon)

   It affects your intelligence (-4).
   It protects you from negative energy.
 W - the +2 hat "Imojio Jeso" {rF+ rC- rCorr Str+3}
   (You bought it in a shop on level 2 of the Orcish Mines)

   It affects your strength (+3).
   It protects you from fire.
   It makes you vulnerable to cold.
   It provides partial protection from all sources of acid and corrosion.
 Y - the +0 mask of the Dragon (worn) {MR+ Slay+3 SInv}
   (You found it on level 3 of the Realm of Zot)

   It affects your accuracy and damage with ranged weapons and melee attacks
   (+3).
   It affects your resistance to hostile enchantments.
   It lets you see invisible.
Jewellery
 f - the ring "Esiymozupp" (right hand) {rC+ rN+ MR+ Int+3}
   (You found it on level 2 of the Depths)

   [ring of intelligence]

   It affects your intelligence (+3).
   It protects you from cold.
   It protects you from negative energy.
   It affects your resistance to hostile enchantments.
 k - the ring of Teabb (left hand) {+Blink rC+ Str+4 Dex+4}
   (You found it in the Desolation of Salt)

   [ring of protection from cold]

   It affects your strength (+4).
   It affects your dexterity (+4).
   It protects you from cold.
   It lets you blink.
 B - the amulet of Ajeoj (around neck) {Regen+ Dex+4}
   (You found it in the Desolation of Salt)

   [amulet of regeneration]

   It affects your dexterity (+4).
   It increases your rate of regeneration.
 H - an uncursed ring of protection from fire
 K - the ring "Jiolit" {MR+ Int+4}
   (You took it off a red draconian on level 4 of the Realm of Zot)

   [ring of protection from magic]

   It affects your intelligence (+4).
   It affects your resistance to hostile enchantments.
Wands
 G - a wand of acid (47)
 Q - a wand of digging (3)
 U - a wand of clouds (5)
Scrolls
 e - 5 scrolls of blinking
 l - 24 scrolls of teleportation
 m - 10 scrolls of remove curse
 o - 6 scrolls of fog
 x - 10 scrolls of magic mapping
 y - 2 scrolls of silence
 D - 30 scrolls of identify
 N - 3 scrolls of summoning
 O - 7 scrolls of fear
 V - 3 scrolls of holy word
 X - a scroll of acquirement
Potions
 d - 11 potions of might
 g - 8 potions of mutation
 h - 7 potions of brilliance
 i - a potion of resistance
 j - 8 potions of flight
 v - 5 potions of heal wounds
 A - 6 potions of agility
 C - 18 potions of curing
 J - 8 potions of haste
 P - 4 potions of cancellation
 Z - 3 potions of invisibility
Miscellaneous
 n - a fan of gales
 p - a phial of floods
 q - a phantom mirror
 S - 4 boxes of beasts
 T - a lamp of fire
Comestibles
 c - 78 rations


   Skills:
 O Level 27 Fighting
 - Level 18.0(19.0) Axes
 - Level 11.5(16.0) Maces & Flails
 O Level 27 Armour
 + Level 25.7 Dodging
 - Level 25.0 Shields
 - Level 10.0 Evocations


You had 26 spell levels left.
You didn't know any spells.
Your spell library contained the following spells:

 Spells                   Type           Power        Failure   Level  Hunger
 Animate Skeleton         Necr           N/A          96%         1    ##.....
 Apportation              Tloc           #.....       96%         1    ##.....
 Confusing Touch          Hex            #.....       96%         1    ##.....
 Infusion                 Chrm           #...         96%         1    ##.....
 Magic Dart               Conj           #...         96%         1    ##.....
 Pain                     Necr           #...         96%         1    ##.....
 Sandblast                Erth           #.....       96%         1    ##.....
 Summon Butterflies       Summ           #.......     96%         1    ##.....
 Summon Small Mammal      Summ           #...         96%         1    ##.....
 Call Imp                 Summ           #.......     99%         2    ###....
 Corpse Rot               Necr           N/A          99%         2    ###....
 Ensorcelled Hibernation  Hex/Ice        #.....       99%         2    ###....
 Passwall                 Tmut/Erth      #.......     99%         2    ###....
 Poisonous Vapours        Pois/Air       #.....       99%         2    ###....
 Searing Ray              Conj           #.....       99%         2    ###....
 Shroud of Golubria       Chrm/Tloc      #.........   99%         2    ###....
 Song of Slaying          Chrm           #.......     99%         2    ###....
 Sticks to Snakes         Tmut           #.......     99%         2    ###....
 Swiftness                Chrm/Air       #.......     99%         2    ###....
 Call Canine Familiar     Summ           #.......     100%        3    ####...
 Conjure Flame            Conj/Fire      #.......     100%        3    ####...
 Dazzling Spray           Conj/Hex       #.....       100%        3    ####...
 Gell's Gravitas          Tloc           #.........   100%        3    ####...
 Ignite Poison            Fire/Tmut/Pois #.......     100%        3    ####...
 Mephitic Cloud           Conj/Pois/Air  #.......     100%        3    ####...
 Ozocubu's Armour         Chrm/Ice       #.......     100%        3    ####...
 Portal Projectile        Hex/Tloc       #.....       100%        3    ####...
 Recall                   Summ/Tloc      N/A          100%        3    ####...
 Regeneration             Chrm/Necr      #.........   100%        3    ####...
 Spectral Weapon          Hex/Chrm       #.......     100%        3    ####...
 Spider Form              Tmut/Pois      #.........   100%        3    ####...
 Static Discharge         Conj/Air       #.......     100%        3    ####...
 Stone Arrow              Conj/Erth      #.....       100%        3    ####...
 Summon Guardian Golem    Hex/Summ       #.......     100%        3    ####...
 Vampiric Draining        Necr           #.........   100%        3    ####...
 Airstrike                Air            #.........   100%        4    #####..
 Animate Dead             Necr           N/A          100%        4    #####..
 Force Lance              Conj/Tloc      #.......     100%        4    #####..
 Fulminant Prism          Conj/Hex       #.........   100%        4    #####..
 Ice Form                 Ice/Tmut       #.......     100%        4    #####..
 Iskenderun's Mystic Bla  Conj           #.......     100%        4    #####..
 Leda's Liquefaction      Hex/Erth       #.........   100%        4    #####..
 Petrify                  Tmut/Erth      #.......     100%        4    #####..
 Summon Ice Beast         Ice/Summ       #.......     100%        4    #####..
 Summon Lightning Spire   Summ/Air       #.......     100%        4    #####..
 Alistair's Intoxication  Tmut/Pois      #.......     100%        5    ######.
 Aura of Abjuration       Summ           #.........   100%        5    ######.
 Blade Hands              Tmut           #.........   100%        5    ######.
 Bolt of Draining         Conj/Necr      #.........   100%        5    ######.
 Bolt of Magma            Conj/Fire/Erth #.........   100%        5    ######.
 Borgnjor's Vile Clutch   Necr/Erth      #.........   100%        5    ######.
 Iskenderun's Battlesphe  Conj/Chrm      #.......     100%        5    ######.
 Lee's Rapid Deconstruct  Erth           #.........   100%        5    ######.
 Metabolic Englaciation   Hex/Ice        #.........   100%        5    ######.
 Silence                  Hex/Air        #.........   100%        5    ######.
 Summon Forest            Summ/Tloc      #.........   100%        5    ######.
 Summon Mana Viper        Hex/Summ       #.......     100%        5    ######.
 Venom Bolt               Conj/Pois      #.........   100%        5    ######.
 Bolt of Cold             Conj/Ice       #.........   100%        6    #######
 Conjure Ball Lightning   Conj/Air       #.........   100%        6    #######
 Darkness                 Hex            #.........   100%        6    #######
 Death Channel            Necr           #.........   100%        6    #######
 Deflect Missiles         Chrm/Air       #.........   100%        6    #######
 Dispersal                Tloc           #.........   100%        6    #######
 Freezing Cloud           Conj/Ice/Air   #.........   100%        6    #######
 Hydra Form               Tmut           #.........   100%        6    #######
 Iron Shot                Conj/Erth      #.........   100%        6    #######
 Ozocubu's Refrigeration  Ice            #.........   100%        6    #######
 Shadow Creatures         Summ           N/A          100%        6    #######
 Simulacrum               Ice/Necr       #.........   100%        6    #######
 Dragon Form              Tmut           #.........   100%        7    #######
 Haunt                    Necr/Summ      #.........   100%        7    #######
 Malign Gateway           Summ/Tloc      #.........   100%        7    #######
 Orb of Destruction       Conj           #.........   100%        7    #######
 Ring of Flames           Chrm/Fire      #.........   100%        7    #######
 Spellforged Servitor     Conj/Summ      #.........   100%        7    #######
 Summon Hydra             Summ           #.........   100%        7    #######
 Borgnjor's Revivificati  Necr           #.........   100%        8    #######
 Controlled Blink         Tloc           N/A          100%        8    #######
 Death's Door             Chrm/Necr      #.........   100%        8    #######
 Disjunction              Tloc           #.........   100%        8    #######
 Infestation              Necr           #.........   100%        8    #######
 Necromutation            Tmut/Necr      #.........   100%        8    #######
 Tornado                  Air            #.........   100%        9    #######


Dungeon Overview and Level Annotations

Branches:
Dungeon (15/15)            Temple (0/1) D:4            Lair (6/6) D:11
  Swamp (4/4) Lair:2        Snake (4/4) Lair:2        Slime (0/5) Lair:6
    Orc (2/2) D:11            Elf (3/3) Orc:2        Vaults (5/5) D:14
  Crypt (0/3) Vaults:2     Depths (5/5) D:15            Zot (5/5) Depths:5

Altars:
Fedhas
Gozag
Hepliaklqana
Kikubaaqudgha
Makhleb
Nemelex Xobeh
Okawaru
Qazlal
Ru
Sif Muna
Trog
Uskayaw
Vehumet
Wu Jian

Shops:
D:9 [   D:13 %%?(   D:15 *%!((   Orc:2 [??=   Snake:3 %   Snake:4 [
Vaults:1 [   Vaults:3 [   Zot:2 *   Depths:1 =}=   Depths:3 (

Portals:
Hell: Depths:1 Depths:2 Depths:3 Depths:4 Depths:5
Abyss: Depths:3 Depths:4
Pandemonium: Depths:3
Ziggurat: Depths:5
Trove: Elf:1 (give 9 potions of agility)

Annotations:
D:4 need cloud and flying?
D:6 2 transporters
Elf:2 1 runed door


Innate Abilities, Weirdness & Mutations

You reflexively headbutt those who attack you in melee.
You have a pair of horns on your head.
Your skin blends seamlessly with your surroundings (Stealth++).
You tend to lose your temper in combat.
Scrolls take you a little longer to read.
You are frail. (-10% HP)
Your magical capacity is low. (-10% MP)
Your spells are a little easier to cast, but a little less powerful.


Message History

Trog appreciates your killing of a magic user.
The Orb Guardian hits your two-headed ogre!!
You barely miss the orb of fire.
The orb of fire is moderately damaged.
You slash the tentacled monstrosity!
You hit the ancient lich but do no damage.
You closely miss the ancient lich. You block the ancient lich's attack.
The ancient lich falters for a moment.
The yellow draconian shifter blinks!
Your cyclops hits the yellow draconian shifter!!
The Orb Guardian hits your two-headed ogre!!!
Your two-headed ogre dies!
Your two-headed ogre's corpse disappears in a puff of smoke!
The tentacled monstrosity barely misses you.
You furiously retaliate!
You headbutt the tentacled monstrosity!
The tentacled monstrosity tentacle-slaps you.
The tentacled monstrosity barely misses you.
The tentacled monstrosity constricts you!
The ancient lich points at you and mumbles some strange words.
The crystal spear hits you!
You die...

.... .... X....
#▓▓▓▓▓▓▓▓▓▓▓##dd...
###.†.))).....XddX...
##...[##......§dL...^.
###...###..^....XLX...^.
.....###..^...§*@L^d...^
..^.## #................
....# #................
...## #^.....q.........
...# #..^..C..^...^...
...## #......^.........
....# ##^..............
....## ##.^............
.....#


You could see an orb of fire, a tentacled monstrosity, 3 ancient liches, a black
draconian, 2 draconians, a green draconian, a purple draconian, a white
draconian, a yellow draconian shifter, 4 Orb Guardians and a friendly cyclops
(berserk).

Vanquished Creatures
  5 orbs of fire (Zot:5)
  5 ancient liches
  Mennas (Vaults:2)
  Saint Roka (Vaults:4)
  Margery (Vaults:2)
  2 Killer Klowns
  3 curse toes
  11 golden dragons
  4 caustic shrikes (Depths:4)
  Jory (Vaults:5)
  A Cloud Mage (WizLab)
  4 liches
  20 Orb Guardians (Zot:5)
  Jorgrun (Swamp:1)
  16 tentacled monstrosities
  6 titans (Vaults:5)
  5 deep elf blademasters (Elf:3)
  6 deep elf master archers (Elf:3)
  5 quicksilver dragons
  10 acid blobs
  5 sphinxes
  A quicksilver dragon (shapeshifter) (Depths:4)
  Frances (Lair:2)
  Agnes (Elf:1)
  9 death cobs
  16 shadow dragons
  18 storm dragons
  9 tengu reavers
  8 nagarajas
  4 draconian monks (Zot:4)
  5 fire giants
  An azure jelly (shapeshifter) (Depths:5)
  An orc warlord (Orc:2)
  4 ghost moths
  A balrug (Depths:2)
  3 draconian shifters
  7 draconian knights
  6 deep elf sorcerers
  3 iron dragons
  5 draconian scorchers
  Louise (D:14)
  3 frost giants
  18 vault wardens
  3 imperial myrmidons (Desolation)
  A ghoul (Vaults:1)
  5 deep elf elementalists
  24 very ugly things
  3 war gargoyles (Vaults:5)
  13 ironheart preservers
  A spriggan defender (Depths:3)
  4 draconian annihilators
  29 stone giants
  4 draconian stormcallers
  An entropy weaver (shapeshifter) (Depths:4)
  16 green draconians
  2 vampire knights
  12 black draconians
  A lorocyproca (Depths:3)
  22 yellow draconians
  5 deep elf demonologists
  6 purple draconians
  5 dire elephants (Lair:6)
  9 deep elf annihilators
  5 spark wasps
  2 halazid warlocks (Desolation)
  8 red draconians
  8 white draconians
  17 ettins
  2 blizzard demons (WizLab)
  11 deep elf death magi
  7 fire dragons
  A crystal guardian (Desolation)
  19 yaktaur captains
  4 deep elf high priests
  A fire dragon (shapeshifter) (Depths:2)
  5 great orbs of eyes
  10 ice dragons
  6 ragged hierophants (Desolation)
  7 servants of whispers (Desolation)
  Josephine (D:12)
  29 vault guards
  2 rakshasas
  3 peacekeepers (Desolation)
  21 hydras
  18 naga warriors
  7 anacondas
  14 centaur warriors
  9 spriggan air magi
  2 catoblepae
  2 ghost crabs
  3 shambling mangroves
  18 ogre magi
  A two-headed ogre (shapeshifter) (Vaults:3)
  30 dancing weapons
  4 death knights
  54 two-headed ogres
  16 deep troll shamans
  5 tengu warriors
  11 alligators
  10 deep troll earth magi
  13 naga sharpshooters
  4 death yaks (Lair:6)
  7 spriggan berserkers
  28 deep elf knights
  3 shock serpents
  A soul eater (Depths:3)
  14 spriggans
  2 large abominations
  2 shock serpents (shapeshifter)
  5 sun demons
  24 hell knights
  A salamander mystic (Snake:3)
  2 sea snakes (Snake:3)
  13 skeletal warriors
  An unseen horror (shapeshifter) (Vaults:3)
  8 unseen horrors
  A sea snake (shapeshifter) (Vaults:4)
  2 fire crabs (shapeshifter)
  7 naga ritualists
  A flayed ghost (Vaults:4)
  8 iron trolls
  A gelid demonspawn (Depths:3)
  45 deep trolls
  7 swamp dragons
  A spriggan druid (Swamp:4)
  12 wizards
  5 glowing orange brains
  6 phantasmal warriors
  2 death drakes (WizLab)
  3 necromancers
  12 orc knights
  A wolf spider zombie (D:15)
  26 deep elf archers
  21 ironbrand convokers
  11 mana vipers
  4 wolf spiders
  11 cyclopes
  5 orc sorcerers
  7 salamanders
  3 manticores
  96 deep elf magi
  2 salamanders (shapeshifter)
  5 toenail golems (Volcano)
  11 oklob plants
  59 ugly things
  14 elephants
  2 centaur zombies (D:14)
  26 moths of wrath
  An elephant (shapeshifter) (Vaults:5)
  A rust devil (Depths:3)
  2 apocalypse crabs (WizLab)
  11 vault sentinels
  2 smoke demons
  A frost giant skeleton (Vaults:2)
  A stone giant skeleton (Vaults:2)
  20 naga magi
  A torpor snail (Lair:1)
  8 guardian serpents
  2 gargoyles (D:14)
  A hellion (Depths:1)
  23 black mambas
  A rime drake (shapeshifter) (Vaults:1)
  19 spiny frogs
  A komodo dragon (shapeshifter) (Vaults:2)
  5 rime drakes
  51 yaktaurs
  7 komodo dragons
  9 freezing wraiths
  4 ice devils (Depths:1)
  13 trolls
  A yaktaur skeleton (Vaults:2)
  3 polar bears
  3 meliai (D:14)
  2 tengu conjurers
  A hornet (shapeshifter) (Depths:3)
  2 small abominations
  6 wind drakes (WizLab)
  Grinder (D:6)
  6 tyrant leeches
  A jumping spider (shapeshifter) (D:14)
  9 bog bodies
  20 hornets
  36 slime creatures
  52 saltlings (Desolation)
  10 dream sheep
  8 blink frogs
  A raiju (shapeshifter) (Depths:1)
  25 hippogriffs
  A hippogriff (shapeshifter) (Depths:4)
  A stone giant simulacrum (Vaults:1)
  12 air elementals
  A shadow (D:14)
  2 vampires
  5 water elementals
  12 wraiths
  A human (shapeshifter) (Depths:1)
  7 wyverns
  46 yaks
  14 humans (D:14)
  A hog (shapeshifter) (D:14)
  2 fire elementals (Elf:1)
  6 basilisks
  A steam dragon (Lair:3)
  2 hungry ghosts
  Grum (D:8)
  Menkaure (D:6)
  14 vampire mosquitoes
  14 insubstantial wisps
  10 wargs
  40 nagas
  17 swamp worms
  8 water moccasins
  4 acid dragons
  A floating eye (shapeshifter) (D:14)
  4 porcupines
  14 swamp drakes
  29 orc warriors
  A sky beast (shapeshifter) (Vaults:5)
  A sky beast (D:11)
  8 ice beasts
  3 phantoms
  An orc skeleton (Vaults:2)
  58 ogres
  A tengu (shapeshifter) (Elf:3)
  22 boggarts
  9 wolves
  24 centaurs
  An elf skeleton (Vaults:2)
  24 crocodiles
  18 bullfrogs
  2 big kobolds (D:10)
  A wyvern zombie (D:11)
  A gnoll sergeant (D:7)
  3 earth elementals
  6 human skeletons (Vaults:2)
  2 wyvern skeletons
  3 scorpions
  11 killer bees (D:9)
  2 howler monkeys (D:11)
  2 wights (D:6)
  21 crimson imps
  8 hounds
  A quasit (Depths:3)
  2 bullfrog zombies (D:13)
  38 jellies
  4 centaur skeletons
  An iron imp (Depths:3)
  17 orc priests
  13 orc wizards
  4 bullfrog skeletons
  An iguana (shapeshifter) (Vaults:1)
  5 iguanas
  A worker ant (shapeshifter) (Vaults:3)
  12 worker ants
  A hound zombie (D:6)
  3 hound skeletons
  A worker ant zombie (D:5)
  14 gnolls
  10 adders
  3 shadow imps
  7 white imps (Depths:1)
  3 ufetubi (Depths:3)
  5 oozes (Sewer)
  3 adder skeletons
  7 worms
  2 dart slugs
  9 leopard geckos
  90 orcs
  2 giant cockroaches
  7 goblins
  8 hobgoblins
  18 jackals
  7 quokkas
  2 ball pythons (D:4)
  16 bats
  14 frilled lizards
  A jackal zombie (D:5)
  16 kobolds
  3 leopard gecko skeletons
  A leopard gecko zombie (D:7)
  2 quokka zombies (D:8)
  27 rats
  A butterfly (Lair:4)
  5 crawling corpses
  7 fungi
  A macabre mass (Depths:4)
  14 plants
2606 creatures vanquished.

Vanquished Creatures (collateral kills)
  Sojobo (Vaults:2)
  Vashnia (Snake:4)
  Nikola (Snake:1)
  A shadow dragon (Zot:5)
  A draconian monk (Zot:1)
  A draconian scorcher (Zot:5)
  Nessos (D:14)
  A hydra (Lair:6)
  2 two-headed ogres (Vaults:2)
  A naga sharpshooter (Snake:4)
  A salamander (Snake:1)
  Maurice (D:8)
  A black mamba (Lair:4)
  A rime drake (Lair:6)
  A polar bear (Lair:4)
  A yak (Lair:4)
  A basilisk (Lair:6)
  2 humans (D:14)
  A naga (Snake:1)
  A hell hound (Lair:6)
  A boggart (Vaults:2)
  6 crocodiles (Lair:4)
  2 wights (D:6)
  A jelly (D:8)
  2 iguanas (Lair:4)
  3 leopard geckos (Lair:4)
  A frilled lizard (Lair:4)
38 creatures vanquished.

Vanquished Creatures (others)
  A draconian monk (Zot:4)
  2 ghost moths (Zot:3)
  A very ugly thing (Depths:5)
  A spark wasp (WizLab)
  A blizzard demon (Depths:1)
  A dancing weapon (Elf:1)
  A deep elf knight (Elf:1)
  A swamp dragon (Swamp:1)
  An apocalypse crab (WizLab)
  A saltling (Desolation)
  A naga (Snake:1)
  2 ogres
  A centaur (D:15)
  A bullfrog (D:15)
  An iguana (Lair:4)
  4 fungi
  27 plants
48 creatures vanquished.

Grand Total: 2692 creatures vanquished

Notes
Turn   | Place    | Note
-------+----------+-------------------------------------------
     0 | D:1      | riellis the Minotaur Berserker began the quest for the Orb.
     0 | D:1      | Reached XP level 1. HP: 19/19 MP: 0/0
   287 | D:1      | Reached XP level 2. HP: 24/27 MP: 1/1
  1048 | D:2      | Reached XP level 3. HP: 30/33 MP: 2/2
  1272 | D:2      | Reached ** piety under Trog
  1813 | D:3      | Reached XP level 4. HP: 40/40 MP: 3/3
  1951 | D:3      | Reached skill level 5 in Axes
  1952 | D:3      | Reached skill level 1 in Shields
  1952 | D:3      | Reached XP level 5. HP: 39/47 MP: 4/4
  2212 | D:3      | Reached *** piety under Trog
  2397 | D:3      | You fall through a shaft for 2 floors!
  2397 | D:5      | Entered Level 5 of the Dungeon
  2438 | D:5      | Found a glowing drain.
  2452 | Sewer    | Entered a sewer
  2881 | Sewer    | Reached **** piety under Trog
  2883 | Sewer    | Reached XP level 6. HP: 53/53 MP: 5/5
  3448 | D:4      | Reached skill level 5 in Fighting
  3638 | D:3      | Found a sparkling altar of Nemelex Xobeh.
  4452 | D:4      | Found a stormy altar of Qazlal.
  4453 | D:4      | Found a hide-covered altar of Uskayaw.
  4474 | D:4      | Reached XP level 7. HP: 41/61 MP: 6/6
  4937 | D:4      | Found a blossoming altar of Fedhas.
  4961 | D:4      | Found a staircase to the Ecumenical Temple.
  5256 | D:5      | Reached skill level 5 in Armour
  5805 | D:6      | Noticed Grinder
  5806 | D:6      | Paralysed by Grinder for 6 turns
  5816 | D:6      | Reached XP level 8. HP: 70/70 MP: 7/7
  5819 | D:6      | Killed Grinder
  5824 | D:6      | Paralysed by fainting for 6 turns
  5868 | D:6      | Found a radiant altar of Vehumet.
  5937 | D:6      | Noticed Menkaure
  5943 | D:6      | Killed Menkaure
  5943 | D:6      | Reached skill level 5 in Dodging
  6185 | D:6      | Found a transporter.
  6186 | D:6      | Found a transporter.
  6188 | D:6      | Noticed a troll
  6312 | D:6      | Found an ornate altar of the Wu Jian Council.
  6316 | D:6      | Found the +10 large shield of Ignorance {rN+ Int-4}
  6329 | D:6      | Reached skill level 5 in Shields
  6922 | D:7      | Found an ancient bone altar of Kikubaaqudgha.
  6922 | D:7      | Found a deep blue altar of Sif Muna.
  6922 | D:7      | Found a hazy altar of Hepliaklqana.
  6922 | D:7      | Found a bloodstained altar of Trog.
  6922 | D:7      | Noticed a two-headed ogre
  6948 | D:7      | Found a burning altar of Makhleb.
  7151 | D:7      | Reached XP level 9. HP: 78/78 MP: 8/8
  7394 | D:7      | Killed a two-headed ogre
  7858 | D:7      | Reached skill level 10 in Axes
  8127 | D:8      | Noticed Maurice
  8136 | D:8      | Killed Maurice
  8279 | D:8      | Noticed Grum
  8304 | D:8      | Killed Grum
  8304 | D:8      | Reached XP level 10. HP: 77/88 MP: 9/9
  8392 | D:8      | Found an opulent altar of Gozag.
  8699 | D:8      | Identified the cursed +3 whip of Haodd {protect, Str-4
                  | Int+3} (You found it on level 8 of the Dungeon)
  9362 | D:9      | Found an iron altar of Okawaru.
  9458 | D:9      | Found Ytysyuc's Antique Armour Shoppe.
  9594 | D:9      | Reached ***** piety under Trog
  9652 | D:9      | Found a sacrificial altar of Ru.
  9993 | D:10     | Entered Level 10 of the Dungeon
 10226 | D:10     | Noticed a manticore
 10238 | D:10     | Killed a manticore
 10368 | D:10     | Noticed an unseen horror
 10397 | D:10     | Killed an unseen horror
 10397 | D:10     | Reached XP level 11. HP: 46/97 MP: 10/10
 11268 | D:11     | Received a gift from Trog
 11393 | D:11     | Found a staircase to the Lair.
 11405 | D:11     | Noticed an oklob plant
 11601 | D:11     | Found a staircase to the Orcish Mines.
 11808 | D:11     | Noticed a four-headed hydra
 11819 | D:11     | Killed a four-headed hydra
 11819 | D:11     | Reached skill level 10 in Fighting
 12473 | Orc:1    | Entered Level 1 of the Orcish Mines
 12473 | Orc:1    | Noticed an orc sorcerer
 12641 | Orc:1    | Lost intelligence.
 12641 | Orc:1    | Gained mutation: You are dopey. (Int -2) [a neqoxec]
 12882 | D:11     | Killed an orc sorcerer
 12995 | Orc:1    | Received a gift from Trog
 13007 | Orc:1    | Reached skill level 10 in Armour
 13007 | Orc:1    | Reached XP level 12. HP: 86/106 MP: 11/11
 13501 | Orc:2    | Entered Level 2 of the Orcish Mines
 13664 | Orc:2    | Noticed an orc warlord
 13700 | Orc:2    | Killed an orc warlord
 13958 | Orc:2    | Found a staircase to the Elven Halls.
 14234 | Orc:2    | Noticed a two-headed ogre
 14234 | Orc:2    | Noticed a two-headed ogre
 14462 | Orc:2    | Killed a two-headed ogre
 14469 | Orc:2    | Noticed a two-headed ogre
 14476 | Orc:1    | Killed a two-headed ogre
 14476 | Orc:1    | Reached skill level 10 in Shields
 14584 | Orc:2    | Killed a two-headed ogre
 14588 | Orc:2    | Noticed a two-headed ogre
 14599 | Orc:2    | Killed a two-headed ogre
 14600 | Orc:2    | Noticed an ogre mage
 14777 | Orc:2    | Killed an ogre mage
 14779 | Orc:2    | Noticed a two-headed ogre
 14792 | Orc:2    | Killed a two-headed ogre
 15103 | Orc:2    | Noticed a two-headed ogre
 15112 | Orc:2    | Killed a two-headed ogre
 15117 | Orc:2    | Noticed an ogre mage
 15346 | Orc:2    | Killed an ogre mage
 15346 | Orc:2    | Reached skill level 10 in Dodging
 15346 | Orc:2    | Noticed a two-headed ogre
 15352 | Orc:2    | Killed a two-headed ogre
 15380 | Orc:2    | Noticed a two-headed ogre
 15394 | Orc:2    | Killed a two-headed ogre
 15394 | Orc:2    | Reached skill level 15 in Axes
 15420 | Orc:2    | Noticed a two-headed ogre
 15421 | Orc:2    | Noticed a two-headed ogre
 15438 | Orc:2    | Killed a two-headed ogre
 15439 | Orc:2    | Killed a two-headed ogre
 15439 | Orc:2    | Reached XP level 13. HP: 65/116 MP: 12/12
 15613 | Orc:2    | Found Hedais's Antique Armour Shop.
 15613 | Orc:2    | Found Pivout's Magic Scroll Shoppe.
 15623 | Orc:2    | Found Zealirid's Magic Scroll Shoppe.
 15623 | Orc:2    | Found Optughir's Jewellery Boutique.
 16070 | Orc:2    | Bought a shimmering hat for 252 gold pieces
 16075 | Orc:2    | Identified the +2 hat "Imojio Jeso" {rF+ rC- rCorr Str+3}
                  | (You bought it in a shop on level 2 of the Orcish Mines)
 16077 | Orc:2    | Bought the ring "Gommiuh" {rPois rC+ Slay+2} for 802 gold
                  | pieces
 16110 | Orc:2    | Lost mutation: You are dopey. (Int -2) [potion of mutation]
 16110 | Orc:2    | Gained mutation: You have an increased reservoir of magic.
                  | (+10% MP) [potion of mutation]
 16110 | Orc:2    | Gained mutation: Scrolls take you a little longer to read.
                  | [potion of mutation]
 16110 | Orc:2    | Gained mutation: You are somewhat resistant to further
                  | mutation. [potion of mutation]
 16111 | Orc:2    | Lost mutation: You are somewhat resistant to further
                  | mutation. [potion of mutation]
 16111 | Orc:2    | Lost mutation: Scrolls take you a little longer to read.
                  | [potion of mutation]
 16111 | Orc:2    | Lost mutation: You have an increased reservoir of magic.
                  | (+10% MP) [potion of mutation]
 16111 | Orc:2    | Gained mutation: You are dopey. (Int -2) [potion of
                  | mutation]
 16111 | Orc:2    | Gained mutation: You can translocate small distances at
                  | will. [potion of mutation]
 16112 | Orc:2    | Lost mutation: You can translocate small distances at will.
                  | [potion of mutation]
 16112 | Orc:2    | Lost mutation: You are dopey. (Int -2) [potion of mutation]
 16112 | Orc:2    | Gained mutation: You are resistant to hostile enchantments.
                  | (MR+) [potion of mutation]
 16112 | Orc:2    | Gained mutation: You have large cloven feet. [potion of
                  | mutation]
 16112 | Orc:2    | Gained mutation: You expend magic power (3 MP) to
                  | strengthen your wands. [potion of mutation]
 16379 | D:9      | Bought a glowing cloak for 232 gold pieces
 16517 | Orc:2    | Bought a scroll of magic mapping for 49 gold pieces
 16517 | Orc:2    | Bought a scroll of identify for 28 gold pieces
 17180 | Orc:2    | Bought 2 scrolls of identify for 56 gold pieces
 17180 | Orc:2    | Bought a scroll of fog for 28 gold pieces
 17254 | Lair:1   | Entered Level 1 of the Lair of Beasts
 18134 | Lair:2   | Found a staircase to the Swamp.
 18145 | Lair:2   | Found a dark tunnel.
 18150 | Volcano  | Entered a volcano
 18382 | Volcano  | Identified a +0 pair of boots of running (You found it in a
                  | volcano)
 18960 | Lair:2   | Found a staircase to the Snake Pit.
 19270 | Lair:3   | Received a gift from Trog
 19721 | Lair:3   | Reached XP level 14. HP: 127/127 MP: 13/13
 21610 | Lair:5   | You fall through a shaft!
 21610 | Lair:6   | Entered Level 6 of the Lair of Beasts
 21746 | Lair:6   | Received a gift from Trog
 22029 | Lair:6   | Found a staircase to the Slime Pits.
 23139 | Lair:6   | Reached XP level 15. HP: 91/136 MP: 10/14
 24580 | D:12     | Noticed Josephine
 24587 | D:12     | Killed Josephine
 24726 | D:12     | Reached ****** piety under Trog
 24930 | D:13     | Received a gift from Trog
 25055 | D:13     | Found Soodgh's Weapon Shop.
 25073 | D:13     | Found Ecwotz's Magic Scroll Shoppe.
 25164 | D:13     | Found Duocs's Assorted Antiques.
 25407 | D:13     | Found Kiatodoi's Food Emporium.
 25449 | D:13     | Found Ononihom's Food Boutique.
 25646 | D:14     | Found a gate to the Vaults.
 25646 | D:14     | Noticed Nessos
 25671 | D:14     | Killed Nessos
 25728 | D:14     | Noticed Louise
 25745 | D:14     | Killed Louise
 26059 | D:14     | Paralysed by a floating eye for 4 turns
 26284 | D:14     | Received a gift from Trog
 26643 | D:14     | Reached XP level 16. HP: 147/147 MP: 15/15
 26887 | D:15     | Entered Level 15 of the Dungeon
 27175 | D:15     | Found Gimont's Antique Weapon Shoppe.
 27213 | D:15     | Found Huowioff's Antique Weapon Shop.
 27330 | D:15     | Found Votua's Food Shoppe.
 27337 | D:15     | Found Anysul's Distillery.
 27386 | D:15     | Found Olea's Assorted Antiques.
 27411 | D:15     | Bought a scroll labeled ZAONWEL KAOS for 27 gold pieces
 27638 | D:15     | Reached skill level 15 in Fighting
 27680 | D:15     | Received a gift from Trog
 28090 | D:15     | Reached skill level 15 in Armour
 28094 | D:15     | Received a gift from Trog
 28196 | D:15     | Found a staircase to the Depths.
 28367 | Swamp:1  | Entered Level 1 of the Swamp
 28395 | Swamp:1  | Reached skill level 15 in Shields
 29098 | Swamp:1  | You fall through a shaft!
 29270 | Swamp:2  | Received a gift from Trog
 29633 | Swamp:1  | Noticed Jorgrun
 29641 | Swamp:1  | Killed Jorgrun
 30426 | Swamp:3  | Reached XP level 17. HP: 98/158 MP: 10/16
 31344 | Swamp:4  | Entered Level 4 of the Swamp
 31616 | Swamp:4  | Received a gift from Trog
 31662 | Swamp:4  | Reached skill level 15 in Dodging
 31859 | Swamp:4  | Got a decaying rune of Zot
 32151 | Swamp:4  | Got a fine bronze ring
 32153 | Swamp:4  | Lost intelligence.
 32153 | Swamp:4  | Identified the cursed ring of Xom's Supremacy {rPois Str+2
                  | Int-3} (You found it on level 4 of the Swamp)
 32529 | Snake:1  | Entered Level 1 of the Snake Pit
 32529 | Snake:1  | Noticed Nikola
 32536 | Snake:1  | Noticed Frances
 32542 | Snake:1  | Killed Nikola
 32554 | Snake:1  | Lost intelligence.
 32562 | Lair:2   | Killed Frances
 32562 | Lair:2   | Received a gift from Trog
 34941 | Snake:3  | Reached XP level 18. HP: 169/169 MP: 17/17
 35049 | Snake:3  | Found Pulocso's Food Shoppe.
 35558 | Snake:4  | Entered Level 4 of the Snake Pit
 35858 | Snake:4  | Noticed Vashnia
 35882 | Snake:4  | Received a gift from Trog
 36006 | Snake:4  | Killed Vashnia
 36217 | Snake:4  | Found Loocito's Antique Armour Emporium.
 36806 | Snake:4  | Received a gift from Trog
 36921 | Snake:4  | Bought a pair of glowing gloves for 277 gold pieces
 37561 | Snake:4  | Got a serpentine rune of Zot
 38020 | Elf:1    | Entered Level 1 of the Elven Halls
 38043 | Elf:1    | Lost intelligence.
 38055 | Elf:1    | Received a gift from Trog
 38189 | Elf:1    | Found a ruined gateway.
 38228 | Desolati | Entered the Desolation of Salt
 38922 | Desolati | Got a translucent ivory ring
 38924 | Desolati | Identified the ring of Teabb {+Blink rC+ Str+4 Dex+4} (You
                  | found it in the Desolation of Salt)
 39200 | Desolati | Reached XP level 19. HP: 179/179 MP: 18/18
 39461 | Desolati | Received a gift from Trog
 39842 | Desolati | Got a shimmering crystal amulet
 39843 | Desolati | Identified the amulet of Ajeoj {Regen+ Dex+4} (You found it
                  | in the Desolation of Salt)
 39848 | Desolati | Identified the Collected Works on Dislocated Enhancements
 39854 | Desolati | Got a steaming tin amulet
 39855 | Desolati | Identified the amulet of Amelioration {Faith rPois Int+2}
                  | (You found it in the Desolation of Salt)
 39911 | Desolati | Identified the cursed +0 cloak of Pesaotz {rC+ Stlth+} (You
                  | found it in the Desolation of Salt)
 39921 | Desolati | Identified the cursed +0 scale mail "Wuxzeoma" {*Slow +Inv
                  | Int+6 Stlth+} (You found it in the Desolation of Salt)
 40431 | Elf:1    | Found a portal to a secret trove of treasure.
 40495 | Elf:1    | Noticed Agnes
 40506 | Elf:1    | Killed Agnes
 40514 | Elf:1    | Received a gift from Trog
 40893 | Elf:1    | Identified Nystricke's Incunabulum of Creative Damage
                  | Dealing
 41112 | Elf:2    | Found a radiant altar of Vehumet.
 41237 | Elf:2    | Received a gift from Trog
 41484 | Elf:2    | Found a runed door.
 41509 | Elf:2    | Found a runed door.
 41588 | Elf:2    | Reached skill level 1 in Evocations
 41918 | Elf:2    | Gained mutation: You are clumsy. (Dex -2) [a neqoxec]
 42255 | Elf:3    | Entered Level 3 of the Elven Halls
 42580 | Elf:3    | Reached skill level 1 in Maces & Flails
 42584 | Elf:3    | Reached XP level 20. HP: 175/191 MP: 7/21
 43619 | Elf:3    | Reached skill level 5 in Evocations
 43630 | Elf:3    | Received a gift from Trog
 43661 | Elf:3    | Identified the +11 trident of Relativism {protect, +Inv MR-
                  | Dex+7 SInv} (Trog gifted it to you on level 3 of the Elven
                  | Halls)
 43760 | Elf:3    | Identified Qyfrot's Guide on Shape Shifting and Companions
 43926 | Elf:3    | Identified the +9 falchion of Optimality {slice, Int+8}
                  | (You found it on level 3 of the Elven Halls)
 43930 | Elf:3    | Identified the +0 cloak "Kajinwui" {MR+ Str+2 SInv} (You
                  | found it on level 3 of the Elven Halls)
 43982 | Elf:3    | Identified the Guide on Transmigration
 44749 | Vaults:1 | Entered Level 1 of the Vaults
 44765 | Vaults:1 | Reached skill level 5 in Maces & Flails
 44774 | Vaults:1 | Received a gift from Trog
 45791 | Vaults:1 | Received a gift from Trog
 46044 | Vaults:1 | Reached XP level 21. HP: 200/200 MP: 8/24
 46529 | Vaults:1 | Found Tikics's Antique Armour Shop.
 47038 | Vaults:2 | Received a gift from Trog
 47181 | Vaults:2 | Noticed Sojobo
 47193 | Vaults:2 | Killed Sojobo
 47195 | Vaults:2 | Noticed Mennas
 47224 | Vaults:2 | Killed Mennas
 47320 | Vaults:2 | Noticed Margery
 47339 | Vaults:2 | Killed Margery
 47515 | Vaults:2 | Identified the +6 long sword of Luxury {protect, Dex+5}
 47979 | Vaults:2 | Received a gift from Trog
 48434 | Vaults:2 | Found a staircase to the Crypt.
 48707 | Vaults:3 | You fall through a shaft!
 48756 | Vaults:3 | Lost intelligence.
 48776 | Vaults:3 | Reached XP level 22. HP: 211/211 MP: 8/26
 48845 | Vaults:3 | Reached XP level 23. HP: 217/217 MP: 8/28
 48846 | Vaults:3 | Reached XP level 24. HP: 226/226 MP: 8/28
 48891 | Vaults:3 | Found Riuqotul's Antique Armour Boutique.
 48979 | Vaults:3 | Reached skill level 10 in Maces & Flails
 48993 | Vaults:3 | Received a gift from Trog
 50405 | Vaults:4 | Received a gift from Trog
 50679 | Vaults:4 | Noticed Saint Roka
 50706 | Vaults:4 | Killed Saint Roka
 50887 | Vaults:4 | Identified the ring "Kuvije Kioff" {Int+2 SInv}
 51651 | Depths:1 | Entered Level 1 of the Depths
 51901 | Orc:2    | Bought a scroll of enchant weapon for 105 gold pieces
 51901 | Orc:2    | Bought a scroll of teleportation for 42 gold pieces
 51901 | Orc:2    | Bought a scroll of enchant weapon for 105 gold pieces
 51901 | Orc:2    | Bought a scroll of teleportation for 42 gold pieces
 51901 | Orc:2    | Bought a scroll of teleportation for 42 gold pieces
 51901 | Orc:2    | Bought 2 scrolls of enchant armour for 210 gold pieces
 52084 | Depths:1 | Received a gift from Trog
 52146 | Depths:1 | Got a glittering silver ring
 52148 | Depths:1 | Identified the ring "Oteos" {Wiz SInv} (You found it on
                  | level 1 of the Depths)
 52312 | Depths:1 | Found Nuheroet's Jewellery Emporium.
 52458 | Depths:1 | Found a gateway to Hell.
 52459 | Depths:1 | You fall through a shaft!
 52653 | Depths:2 | Identified the ring "Esiymozupp" {rC+ rN+ MR+ Int+3} (You
                  | found it on level 2 of the Depths)
 52746 | Depths:2 | Found a magical portal.
 52757 | WizLab   | Entered The Chambers of the Cloud Mage
 52809 | WizLab   | Reached XP level 25. HP: 206/236 MP: 9/29
 53178 | WizLab   | Reached skill level 10 in Evocations
 53261 | WizLab   | Got a faintly glowing bone ring
 53263 | WizLab   | Identified the ring of Maebusk {rN+ EV+5} (You found it in
                  | a wizard's laboratory)
 53265 | WizLab   | Identified the Incunabulum of Feathers
 53270 | WizLab   | Got a twitching copper ring
 53272 | WizLab   | Identified the ring of Ponoo {+Fly rC++} (You found it in a
                  | wizard's laboratory)
 53281 | WizLab   | Got a bloodstained shortbow
 53287 | WizLab   | Identified the +6 shortbow of Yxelik {flame, rPois Dex+2}
                  | (You found it in a wizard's laboratory)
 53571 | Depths:2 | Received a gift from Trog
 53574 | Depths:2 | Identified the +9 flail of the Middle {drain, rN+} (Trog
                  | gifted it to you on level 2 of the Depths)
 54338 | Depths:1 | Found Guecaur's Gadget Shop.
 54339 | Depths:1 | Found Ikalig's Jewellery Emporium.
 54822 | Depths:1 | Identified 3 scrolls of acquirement
 54827 | Depths:1 | Found the +10 dark maul {crush}
 55241 | Depths:3 | Received a gift from Trog
 55610 | Depths:3 | Found a one-way gate to the infinite horrors of the Abyss.
 55781 | Depths:3 | Identified the Collected Works on Dark Magic and Stones
 55874 | Depths:3 | Found Roys's Weapon Shoppe.
 56055 | Depths:3 | Found a one-way gate leading to the halls of Pandemonium.
 56069 | Depths:3 | Received a gift from Trog
 56938 | Depths:4 | Reached XP level 26. HP: 133/248 MP: 9/29
 57026 | Depths:4 | Received a gift from Trog
 57643 | Depths:4 | Received a gift from Trog
 58168 | Depths:5 | Entered Level 5 of the Depths
 58476 | Depths:5 | Found a gateway to a ziggurat.
 58477 | Depths:5 | Noticed an ancient lich
 58623 | Depths:5 | Killed an ancient lich
 59007 | Depths:5 | Received a gift from Trog
 59303 | Depths:5 | Found a gate to the Realm of Zot.
 59772 | Vaults:5 | Entered Level 5 of the Vaults
 59772 | Vaults:5 | Noticed Jory
 59803 | Vaults:5 | Noticed an ancient lich
 59823 | Vaults:5 | Killed an ancient lich
 59868 | Vaults:5 | Killed Jory
 59960 | Vaults:5 | Reached XP level 27. HP: 226/260 MP: 9/29
 60027 | Vaults:5 | Received a gift from Trog
 60029 | Vaults:5 | Identified the quicksilver dragon scales of Midwinter
                  | {-Cast +Fly rF++ MR+ rCorr Stlth-}
 60240 | Vaults:5 | Got a silver rune of Zot
 60305 | Vaults:5 | Identified the +4 whip "Hecaicrenek" {distort, rN+ Str+4}
 60312 | Vaults:5 | Received a gift from Trog
 60451 | Vaults:5 | Identified the Handbook of Hairiness
 61039 | Vaults:5 | Identified the +7 flail "Xari" {freeze, +Blink rC+}
 61083 | Vaults:5 | Identified the Almanac of Mutagenic Lightness
 61168 | Vaults:5 | Identified the Catalogue of Gliding Transmigration
 61228 | Vaults:5 | Identified the Compendium of Stones and Transmigration
 61547 | Vaults:5 | Got a distressingly furry shield
 61558 | Vaults:5 | Identified the +5 shield of the Soldier {*Drain Regen+
                  | Str+3 Dex+2} (You acquired it on level 5 of the Vaults)
 61570 | Vaults:5 | Received a gift from Trog
 61587 | Vaults:5 | Got a bound crystal amulet
 61588 | Vaults:5 | Identified the amulet of Honesty {+Rage Dex+4} (You
                  | acquired it on level 5 of the Vaults)
 62016 | Zot:1    | Entered Level 1 of the Realm of Zot
 63023 | Zot:2    | Received a gift from Trog
 63263 | Zot:2    | Got a clouded lapis lazuli ring
 63265 | Zot:2    | Identified the ring of Sif Muna's Whim {Ice rPois Stlth+}
                  | (You found it on level 2 of the Realm of Zot)
 63349 | Zot:2    | Found Ahoacay's Changing Room.
 64170 | Zot:3    | Found a transporter.
 64338 | Zot:3    | Found the +0 mask of the Dragon {MR+ Slay+3 SInv}
 64458 | Zot:3    | Found a transporter.
 64864 | Zot:4    | Received a gift from Trog
 65034 | Zot:4    | Identified the ring "Jiolit" {MR+ Int+4}
 66163 | Zot:4    | Received a gift from Trog
 66945 | Zot:5    | Entered Level 5 of the Realm of Zot
 66949 | Zot:5    | Noticed an orb of fire
 66961 | Zot:5    | Gained mutation: Scrolls take you a little longer to read.
                  | [an orb of fire]
 66964 | Zot:5    | Gained mutation: You are frail. (-10% HP) [an orb of fire]
 66969 | Zot:5    | Killed an orb of fire
 66979 | Zot:5    | Lost mutation: You are resistant to hostile enchantments.
                  | (MR+) [potion of mutation]
 66979 | Zot:5    | Lost mutation: You have large cloven feet. [potion of
                  | mutation]
 66979 | Zot:5    | Lost mutation: You expend magic power (3 MP) to strengthen
                  | your wands. [potion of mutation]
 66979 | Zot:5    | Lost mutation: You are frail. (-10% HP) [potion of
                  | mutation]
 66979 | Zot:5    | Gained mutation: You are very clumsy. (Dex -4) [potion of
                  | mutation]
 66979 | Zot:5    | Gained mutation: Your skin changes colour to match your
                  | surroundings (Stealth+). [potion of mutation]
 66981 | Zot:5    | Lost mutation: Scrolls take you a little longer to read.
                  | [potion of mutation]
 66981 | Zot:5    | Lost mutation: You are very clumsy. (Dex -4) [potion of
                  | mutation]
 66981 | Zot:5    | Gained mutation: You are dopey. (Int -2) [potion of
                  | mutation]
 66981 | Zot:5    | Gained mutation: You expend magic power (3 MP) to
                  | strengthen your wands. [potion of mutation]
 66981 | Zot:5    | Gained mutation: You are partially covered in large bone
                  | plates. (SH +4) [potion of mutation]
 66982 | Zot:5    | Lost mutation: You are dopey. (Int -2) [potion of mutation]
 66982 | Zot:5    | Lost mutation: You expend magic power (3 MP) to strengthen
                  | your wands. [potion of mutation]
 66982 | Zot:5    | Lost mutation: You are clumsy. (Dex -2) [potion of
                  | mutation]
 66982 | Zot:5    | Lost mutation: You are partially covered in large bone
                  | plates. (SH +4) [potion of mutation]
 66982 | Zot:5    | Gained mutation: Your magical capacity is low. (-10% MP)
                  | [potion of mutation]
 66982 | Zot:5    | Gained mutation: Your skin blends seamlessly with your
                  | surroundings (Stealth++). [potion of mutation]
 67033 | Zot:5    | Got a pair of transparent boots
 67034 | Zot:5    | Identified the +1 pair of boots of Xothaedd {-Cast MR+
                  | Regen+ Slay+3} (You found it on level 5 of the Realm of
                  | Zot)
 67307 | Zot:5    | Noticed an ancient lich
 67314 | Zot:5    | Noticed an orb of fire
 67315 | Zot:5    | Noticed an orb of fire
 67322 | Zot:5    | Killed an ancient lich
 67326 | Zot:5    | Noticed an ancient lich
 67333 | Zot:5    | Noticed an ancient lich
 67336 | Zot:5    | Killed an orb of fire
 67337 | Zot:5    | Gained mutation: You are frail. (-10% HP) [an orb of fire]
 67339 | Zot:5    | Killed an orb of fire
 67352 | Zot:5    | Killed an ancient lich
 67361 | Zot:5    | Noticed an orb of fire
 67383 | Zot:5    | Killed an orb of fire
 67383 | Zot:5    | Noticed an orb of fire
 67432 | Zot:5    | Reached skill level 27 in Fighting
 67439 | Zot:5    | Reached skill level 27 in Armour
 67451 | Zot:5    | Gained mutation: You tend to lose your temper in combat.
                  | [an orb of fire]
 67456 | Zot:5    | Gained mutation: Scrolls take you a little longer to read.
                  | [an orb of fire]
 67476 | Zot:5    | Killed an orb of fire
 67521 | Zot:5    | Noticed an ancient lich
 67544 | Zot:5    | Killed an ancient lich
 67546 | Zot:5    | Noticed an orb of fire
 67553 | Zot:5    | Noticed an ancient lich
 67553 | Zot:5    | Noticed an ancient lich
 67554 | Zot:5    | Noticed an ancient lich
 67558 | Zot:5    | Gained mutation: Your spells are a little easier to cast,
                  | but a little less powerful. [an orb of fire]
 67561 | Zot:5    | Killed from afar by an ancient lich

Vault maps used:
D:1:      sevenhm_arrival_forest_fort_large_2
D:3:      nemelex_xobeh_ov_fountains_minmay, kennysheep_nondescript,
          minmay_rat_hole
D:4:      lemuel_doored_altar, chequers_temple_overflow_statue_of_worship,
          minmay_temple_entry_mini_moons, minmay_misc_feat_diagonals,
          minmay_hedge_maze, lemuel_another_geyser
D:5:      portal_sewer_entry_d, first_ration, kennysheep_generic_room_7
D:6:      gammafunk_temple_overflow_arena, marbit_many_paths, uniq_menkaure,
          uniq_grinder
D:7:      grunt_temple_overflow_open, chequers_serial_rivers_marsh,
          grunt_ogre_cave
D:8:      grunt_gozag_breadcrumbs, uniq_grum, uniq_maurice
D:9:      nicolae_overflow_crystal_walls, lemuel_round_altar, serial_shops,
          nicolae_shop_waterfront, evilmike_butchery
D:11:     kennysheep_blocky_room, dpeg_oklobed_lair,
          minmay_orc_entry_guard_dogs, minmay_quadrilaterals
D:12:     uniq_josephine
D:13:     serial_shops, nicolae_shop_waterfront, nicolae_shop_window_shopping,
          shop_fountains, shop, shop_fountains, kennysheep_opposing_triangles
D:14:     minmay_clustersquares, david_vaults_3, uniq_louise
D:15:     grunt_enter_depths_magical_seal, minmay_misc_feat_five, serial_shops,
          nicolae_shop_waterfront, nicolae_shop_overgrown_old_shop,
          nicolae_shop_window_shopping, shop, nicolae_shop_overgrown_old_shop,
          spider_trap, st_stairs_9
Lair:1:   hibernation_bobbens
Lair:2:   skrybe_swamp_entry_bodies, dummy_snake_entry,
          nicolae_volcano_entry_s_turn, grunt_megastairs_5
Lair:3:   beast_lair_carwin_2
Lair:4:   lemuel_reptile_caves, dpeg_oklob_1, lemuel_fruit_fields
Lair:6:   due_jungle_book, minmay_slime_entry_jelly_boxes, special_room,
          serial_bayou_shore_b
Swamp:1:  evilmike_swamp_ruin_house_5, hangedman_swamp_diagram,
          infiniplex_staircase_pool, uniq_jorgrun
Swamp:2:  evilmike_swamp_ruin_house_2
Swamp:3:  evilmike_swamp_ruin_rubble_2, swamp_pool1
Swamp:4:  swamp_basic_johnstein, swamp_pool1, nicolae_swamp_spriggan_camp
Snake:1:  uniq_frances, uniq_nikola
Snake:3:  serial_shops, nicolae_shop_behind_doors
Snake:4:  snake_pit, serial_shops, shop_fountains, uniq_vashnia
Orc:2:    st_orc_ogre_mass, mines3_lemuel
Elf:1:    eino_elf_arrival_the_gate, enter_trove_6,
          portal_desolation_entry_ruin, minmay_elf_sorcery, sword_in_stone
Elf:2:    basic_altar, due_unseen_surprise
Elf:3:    minmay_elf_hall, nicolae_elf_glass_and_crystal_pillar_2,
          grunt_megastairs_2
Vaults:1: v_misc_16, nicolae_vaults_puzzle_piece, v_alt_pattern_2,
          vaults_dpeg_ring, v_misc_13, v_rooms_5, hangedman_vaults_variations,
          ontoclasm_vaults_tryst, hangedman_vaults_nodes, v_misc_30,
          vaults_dpeg_diagonal, serial_shops, shop_fountains
Vaults:2: nicolae_vaults_arrows, minmay_crypt_entry_skeletal_spiral,
          ontoclasm_vaults_loading_screen, st_cells, vaults_room_stairs_pillars,
          v_misc_10, grunt_vaults_diagonal, nicolae_vaults_border_crossing,
          uniq_mennas, uniq_margery, uniq_sojobo
Vaults:3: hangedman_vaults_corner, vaults_room_pools, vaults_dpeg_doors,
          ontoclasm_vaults_pinch, ontoclasm_vaults_claustrophobia, v_misc_30,
          grunt_vaults_swirl, vaults_dpeg_cross, ontoclasm_vaults_twist,
          ontoclasm_vaults_ligature, nicolae_vaults_little_squares_6,
          grunt_vaults_hallway_long, v_rooms_2, grunt_vaults_focal, v_misc_11,
          vaults_room_door_hall, serial_shops,
          nicolae_shop_temple_entry_statues_fountains
Vaults:4: dpeg_vaults_waves, grunt_vaults_bifocal,
          nicolae_vaults_three_branches, hangedman_vaults_stitches,
          nicolae_vaults_little_squares_3, uniq_saint_roka
Vaults:5: serial_shops, uniq_jory
Depths:1: serial_bayou_shore_a, hell_entry, minmay_fire_ice_demons,
          minmay_shop_grove
Depths:2: kennysheep_spiral_hall, mu_enter_wizlab_4, minmay_holes,
          lightli_too_deep
Depths:3: minmay_the_grid_triangle_9x9_recursive_2, hangedman_decor_opposing,
          hell_entry, grunt_pan_entry_in_and_out, serial_shops, shop,
          abyss_entry
Depths:4: grunt_deathspiral_large, hell_entry, hangedman_abyss_entry_splay,
          dk_noncrumbling_3, kennysheep_generic_room_14
Depths:5: grunt_zot_entry_alcove, enter_ziggurat_d, pf_hell_entry_tar_spiral
Zot:2:    nicolae_transmutations_shop
Zot:3:    chequers_guarded_unrand_mask_of_the_dragon
Zot:4:    lemuel_acid_trip, st_stairs_13
Zot:5:    st_stairs_6
Sewer:    sewer_fruit_machine
Volcano:  volcano_bunker
WizLab:   wizlab_cloud

Skill      XL: |  1  2  3  4  5  6  7  8  9 10 11 12 13 14 15 16 17 18 19 20 21 22 23 24 25 26 27 |
---------------+----------------------------------------------------------------------------------+-----
Axes           | 4 5 6 7 9 10 12 13 15 16 17 18 | 18.0
Armour         | 3 4 5 6 7 8 10 11 12 13 14 15 17 18 19 20 21 22 23 27 | 27.0
Fighting       | 4 5 6 7 9 10 11 12 13 14 15 17 18 19 20 21 22 23 27 | 27.0
Dodging        | 3 4 5 6 7 9 10 11 12 13 14 15 16 17 18 19 21 22 25 | 25.7
Shields        | 1 2 4 5 6 8 9 10 11 12 14 15 16 17 18 19 20 21 22 23 25 | 25.0
Evocations     | 3 5 7 8 9 10 | 10.0
Maces & Flails | 1 6 9 11 | 11.5

Action                   |  1- 3 |  4- 6 |  7- 9 | 10-12 | 13-15 | 16-18 | 19-21 | 22-24 | 25-27 || total
-------------------------+-------+-------+-------+-------+-------+-------+-------+-------+-------++-------
Melee: Hand axe          |    81 |   252 |   254 |   410 |       |       |       |       |       ||   997
       Headbutt          |    15 |    50 |    63 |   138 |   244 |   437 |   458 |   252 |  1254 ||  2911
       War axe           |       |       |       |    82 |    24 |   119 |       |       |       ||   225
       Mace              |       |       |       |     8 |       |       |       |       |       ||     8
       Broad axe         |       |       |       |   159 |   962 |  1348 |  1281 |   633 |  2786 ||  7169
       Sacred scourge    |       |       |       |       |       |       |    53 |       |       ||    53
       Demon whip        |       |       |       |       |       |       |       |       |   194 ||   194
Throw: Tomahawk          |       |    16 |    18 |    14 |     4 |       |       |       |       ||    52
       Throwing net      |       |       |       |       |       |       |       |       |     1 ||     1
Invok: Berserk           |     2 |     2 |     4 |     5 |     2 |     2 |     3 |       |     5 ||    25
       Trog's Hand       |       |     3 |     4 |    11 |     7 |     4 |     5 |       |    15 ||    49
       Brothers in Arms  |       |       |     3 |       |     3 |     3 |     3 |       |     5 ||    17
 Abil: Evoke Invisibilit |       |       |       |       |       |       |       |       |     1 ||     1
Evoke: Wand              |       |       |       |       |       |       |     1 |       |     1 ||     2
  Use: Scroll            |       |     6 |     2 |     7 |    16 |     9 |    17 |     5 |    11 ||    73
       Potion            |       |     1 |       |     1 |     3 |     1 |     1 |     2 |     6 ||    15
 Stab: Sleeping          |     1 |       |       |       |       |       |       |       |       ||     1
       Distracted        |       |       |       |       |     1 |     1 |     4 |     1 |     4 ||    11
       Confused          |       |       |       |       |     2 |     2 |       |       |       ||     4
       Petrifying        |       |       |       |       |       |       |     1 |       |       ||     1
       Invisible         |       |       |       |       |       |       |       |       |    15 ||    15
  Eat: Chunk             |     5 |    12 |    14 |    32 |    33 |    19 |    31 |    12 |    42 ||   200
       Ration            |       |       |     1 |       |     4 |     7 |     2 |       |     8 ||    22
Armor: Animal skin       |    11 |       |       |       |       |       |       |       |       ||    11
       Leather armour    |    11 |     4 |       |       |       |       |       |       |       ||    15
       Chain mail        |       |    80 |    72 |    16 |       |       |       |       |       ||   168
       Plate armour      |       |       |       |   149 |   209 |   367 |   168 |    58 |   161 ||  1112
       Storm dragon scal |       |       |       |       |       |       |       |       |    71 ||    71
       Gold dragon scale |       |       |       |       |       |       |       |       |   285 ||   285
Dodge: Dodged            |    55 |   104 |    58 |   147 |   140 |   366 |   252 |   147 |  1045 ||  2314
Block: Buckler           |       |    70 |    26 |       |       |       |       |       |       ||    96
       Large shield      |       |       |    94 |   556 |   920 |  1883 |  1420 |   700 |  3758 ||  9331
       Shield            |       |       |       |       |       |       |       |       |     3 ||     3

Table legend:
 A = Non-vault XP
 B = Vault XP
 C = Vault XP percentage of total XP
 D = Non-vault monster count
 E = Vault monster count
 F = Vault count percentage of total count
                 A         B        C        D         E       F
            +---------+---------+-------+---------+---------+-------
      Total |  906883 |  881519 |  49.3 |    1625 |    1000 |  38.1
            +---------+---------+-------+---------+---------+-------
        D:1 |      33 |       0 |   0.0 |      22 |       0 |   0.0
        D:2 |      32 |       0 |   0.0 |      18 |       0 |   0.0
        D:3 |     259 |      20 |   7.2 |      40 |      19 |  32.2
        D:4 |     522 |       0 |   0.0 |      22 |       0 |   0.0
        D:5 |     318 |      29 |   8.4 |      14 |       2 |  12.5
        D:6 |     881 |     453 |  34.0 |      26 |       2 |   7.1
        D:7 |    1455 |     122 |   7.7 |      21 |       1 |   4.5
        D:8 |    1652 |     893 |  35.1 |      22 |       6 |  21.4
        D:9 |    1937 |       0 |   0.0 |      27 |       0 |   0.0
       D:10 |    2844 |       0 |   0.0 |      21 |       0 |   0.0
       D:11 |    7471 |    2784 |  27.1 |      51 |      15 |  22.7
       D:12 |    3169 |    1814 |  36.4 |      27 |       5 |  15.6
       D:13 |    5778 |     323 |   5.3 |      21 |       4 |  16.0
       D:14 |   21158 |    9932 |  31.9 |      50 |      28 |  35.9
       D:15 |   18433 |    7917 |  30.0 |      42 |      14 |  25.0
     Lair:1 |    7846 |     938 |  10.7 |      34 |       1 |   2.9
     Lair:2 |    1384 |    2118 |  60.5 |       9 |       2 |  18.2
     Lair:3 |    2141 |     306 |  12.5 |       9 |       4 |  30.8
     Lair:4 |    6730 |    4092 |  37.8 |      24 |      34 |  58.6
     Lair:5 |    6320 |       0 |   0.0 |      22 |       0 |   0.0
     Lair:6 |   20283 |    8731 |  30.1 |      49 |      39 |  44.3
    Swamp:1 |   14553 |    2785 |  16.1 |      40 |       1 |   2.4
    Swamp:2 |   11640 |       0 |   0.0 |      33 |       0 |   0.0
    Swamp:3 |   12870 |       0 |   0.0 |      31 |       0 |   0.0
    Swamp:4 |    5408 |   20737 |  79.3 |      18 |      36 |  66.7
    Snake:1 |   14908 |    3414 |  18.6 |      33 |       1 |   2.9
    Snake:2 |   10170 |       0 |   0.0 |      17 |       0 |   0.0
    Snake:3 |   15654 |       0 |   0.0 |      25 |       0 |   0.0
    Snake:4 |   21177 |   34148 |  61.7 |      42 |      45 |  51.7
      Orc:1 |    1138 |     899 |  44.1 |      14 |       1 |   6.7
      Orc:2 |    4401 |   17605 |  80.0 |      28 |      33 |  54.1
      Elf:1 |   26364 |   14363 |  35.3 |      50 |      20 |  28.6
      Elf:2 |   14049 |   26511 |  65.4 |      20 |      34 |  63.0
      Elf:3 |   18445 |   52681 |  74.1 |      29 |      30 |  50.8
   Vaults:1 |   44501 |   22567 |  33.6 |      86 |      37 |  30.1
   Vaults:2 |   31993 |   59163 |  64.9 |      51 |      68 |  57.1
   Vaults:3 |   44647 |   16061 |  26.5 |      65 |      29 |  30.9
   Vaults:4 |   22407 |   23708 |  51.4 |      30 |      33 |  52.4
   Vaults:5 |   27436 |  149524 |  84.5 |      41 |      93 |  69.4
   Depths:1 |   33092 |    6102 |  15.6 |      41 |      24 |  36.9
   Depths:2 |   39347 |    7197 |  15.5 |      48 |       7 |  12.7
   Depths:3 |   50076 |   17061 |  25.4 |      56 |      26 |  31.7
   Depths:4 |   31370 |   65809 |  67.7 |      46 |      47 |  50.5
   Depths:5 |   53190 |   32013 |  37.6 |      63 |      16 |  20.3
      Zot:1 |   38293 |       0 |   0.0 |      27 |       0 |   0.0
      Zot:2 |   66953 |       0 |   0.0 |      42 |       0 |   0.0
      Zot:3 |   30648 |   39071 |  56.0 |      16 |      20 |  55.6
      Zot:4 |   81524 |   43778 |  34.9 |      44 |      46 |  51.1
      Zot:5 |   29983 |  120198 |  80.0 |      18 |      31 |  63.3
      Sewer |       0 |     118 | 100.0 |       0 |      28 | 100.0
    Volcano |       0 |    6772 | 100.0 |       0 |      11 | 100.0
     WizLab |       0 |   16365 | 100.0 |       0 |      26 | 100.0
 Desolation |       0 |   42397 | 100.0 |       0 |      81 | 100.0
            +---------+---------+-------+---------+---------+-------
